[Event "Titled Tuesday Blitz August 15 Late 2023"]
[White "Khripachenko, Alexander"]
[Black "Hakobyan, Aram"]
[WhiteFideId "54184975"]
[BlackFideId "13306677"]
[WhiteElo "2728"]
[BlackElo "2971"]
[Result "0-1"]
[Round "4"]
[TimeControl "180+1"]
[Date "2023.08.15"]
[WhiteClock "0:01:26"]
[BlackClock "0:00:44"]
[Board "13"]

1. e4 e5 2. Nf3 Nc6 3. Bb5 a6 4. Ba4 Nf6 5. O-O Be7 6. d3 b5 7. Bb3 O-O 8. c3 d5 9. Nbd2 dxe4 10. dxe4 Bc5 11. Qe2 Qe7 12. Re1 Ng4 13. Rf1 Bd7 14. h3 Nf6 15. Kh2 Be6 16. a4 b4 17. Bc4 Bxc4 18. Nxc4 Qe6 19. Rd1 h6 20. cxb4 Bxb4 21. b3 Bc3 22. Rb1 Rfd8 23. Be3 Nxe4 24. Qc2 f5 25. Nh4 Nb4 26. Qe2 Qf6 27. Qh5 f4 28. Rxd8+ Rxd8 29. Ba7 Nc6 30. Nf5 Nxa7 31. f3 Ng3 32. Nxg3 fxg3+ 33. Kxg3 Qf4+ 34. Kf2 Bd4+ 35. Kf1 Qg3 0-1


[Site "https://www.chess.com"]

[Event "Titled Tuesday Blitz August 15 Late 2023"]
[White "Svane, Rasmus"]
[Black "Mikhailov, Viacheslav"]
[WhiteFideId "4657101"]
[BlackFideId "4187369"]
[WhiteElo "2964"]
[BlackElo "2693"]
[Result "0-1"]
[Round "4"]
[TimeControl "180+1"]
[Date "2023.08.15"]
[WhiteClock "0:00:03"]
[BlackClock "0:00:06"]
[Board "14"]

1. Nf3 Nf6 2. g3 g6 3. Bg2 Bg7 4. O-O O-O 5. d4 d6 6. Re1 Nc6 7. d5 Nb4 8. e4 Bg4 9. c4 a5 10. Nc3 c6 11. h3 Bxf3 12. Bxf3 cxd5 13. cxd5 Rc8 14. Be3 Nd7 15. a3 Na6 16. Bd4 Bxd4 17. Qxd4 Qb6 18. Qd2 Ne5 19. Be2 Nc5 20. Rad1 Nb3 21. Qf4 Nd4 22. Rd2 Nxe2+ 23. Rexe2 Nc4 24. Rc2 Qb3 25. Qc1 Ne5 26. Kg2 Rc4 27. Nd1 Rfc8 28. Ne3 R4c5 29. Rxc5 Rxc5 30. Qb1 h5 31. Rd2 b5 32. Qd1 Qxd1 33. Rxd1 Nc4 34. b4 Nxe3+ 35. fxe3 axb4 36. axb4 Rc4 37. Rd4 Rc2+ 38. Kf3 Rb2 39. h4 Kg7 40. Rd1 Rxb4 41. Ra1 Rb2 42. e5 dxe5 43. Ra7 Rd2 44. Ke4 Kf6 45. Ra6+ e6 46. d6 b4 47. Rb6 b3 48. Rxb3 Rxd6 49. Rb1 Rd5 50. Rf1+ Ke7 51. Rb1 f5+ 52. Kf3 e4+ 53. Kf4 Kf6 54. Rb6 Rd1 55. g4 Rf1+ 56. Kg3 Rf3+ 57. Kg2 hxg4 58. Rb3 Rh3 59. Rc3 Rxh4 60. Rc2 Rh3 61. Kf2 Rh2+ 62. Kg3 Rxc2 63. Kf4 Rf2+ 64. Kg3 Rf3+ 65. Kh4 Rh3# 0-1


[Site "https://www.chess.com"]

[Event "Titled Tuesday Blitz August 15 Late 2023"]
[White "Elsa167"]
[Black "Delorme, Laurie"]
[BlackFideId "630829"]
[WhiteElo "2952"]
[BlackElo "2201"]
[Result "0-1"]
[Round "4"]
[TimeControl "180+1"]
[Date "2023.08.15"]
[WhiteClock "0:00:00"]
[BlackClock "0:00:04"]
[Board "15"]

1. d4 Nf6 2. c4 e6 3. Nf3 d5 4. Nc3 Bb4 5. Bg5 h6 6. Bxf6 Qxf6 7. e3 O-O 8. Rc1 Rd8 9. a3 Bxc3+ 10. Rxc3 c5 11. cxd5 Rxd5 12. e4 Rd8 13. Rxc5 b6 14. Rc3 Bb7 15. e5 Qf4 16. Qc1 Qxc1+ 17. Rxc1 Nc6 18. Rd1 Ne7 19. Be2 Nf5 20. O-O Rac8 21. Rc1 Bxf3 22. Bxf3 Nxd4 23. Rxc8 Nxf3+ 24. gxf3 Rxc8 25. Rd1 Rc2 26. Rd8+ Kh7 27. Rd7 Kg6 28. b4 a5 29. Rb7 Rc3 30. Rxb6 Rxa3 31. bxa5 Rxa5 32. f4 Ra4 33. Kg2 Rxf4 34. Kg3 Ra4 35. Rb7 h5 36. h3 Re4 37. f4 Ra4 38. Rc7 Rb4 39. Rd7 Rb3+ 40. Kg2 h4 41. Ra7 Rg3+ 42. Kh2 Rf3 43. Ra4 Kf5 44. Ra7 Kg6 45. Ra4 Rf2+ 46. Kg1 Rb2 47. Rc4 Kf5 48. Rc7 Kg6 49. Rc4 Ra2 50. Rb4 Ra7 51. Kg2 Kf5 52. Kf2 Ra2+ 53. Kf3 Ra3+ 54. Kg2 f6 55. exf6 gxf6 56. Rc4 Rd3 57. Rb4 Re3 58. Rb8 Kxf4 59. Rh8 Re2+ 60. Kg1 Kg3 61. Kf1 Ra2 62. Rh6 Rf2+ 63. Kg1 Rf5 64. Rg6+ Kxh3 65. Kh1 Rf1+ 0-1


[Site "https://www.chess.com"]

[Event "Titled Tuesday Blitz August 15 Late 2023"]
[White "Naroditsky, Daniel"]
[Black "Ehlvest, Jaan"]
[WhiteFideId "2026961"]
[BlackFideId "4500016"]
[WhiteElo "3161"]
[BlackElo "2652"]
[Result "1-0"]
[Round "4"]
[TimeControl "180+1"]
[Date "2023.08.15"]
[WhiteClock "0:00:08"]
[BlackClock "0:00:00"]
[Board "16"]

1. d4 Nf6 2. Nc3 d5 3. Bf4 a6 4. e3 h6 5. Nf3 b6 6. Bd3 Bb7 7. Ne5 e6 8. Qf3 Nbd7 9. Qh3 Nxe5 10. Bxe5 c5 11. O-O Bd6 12. Qg3 Bxe5 13. dxe5 Nd7 14. Qxg7 Rf8 15. f4 Qc7 16. Qg3 O-O-O 17. Rf2 f6 18. exf6 Nxf6 19. Qh4 Kb8 20. h3 b5 21. a3 c4 22. Bf1 Qb6 23. Re1 Ka8 24. Kh2 h5 25. Qg5 a5 26. Qe5 Nd7 27. Qd4 Qc6 28. Rd2 h4 29. Be2 Ba6 30. Bf3 Kb8 31. Kh1 Bb7 32. a4 bxa4 33. Ra1 Qc7 34. Nb5 Qc6 35. Qa7+ Kc8 36. Qxa5 Qc5 37. Rxa4 Nb6 38. Na7+ Kd7 39. Qxc5 1-0


[Site "https://www.chess.com"]

[Event "Titled Tuesday Blitz August 15 Late 2023"]
[White "Matinian, Nikita"]
[Black "Nakamura, Hikaru"]
[WhiteFideId "24129100"]
[BlackFideId "2016192"]
[WhiteElo "2722"]
[BlackElo "3224"]
[Result "0-1"]
[Round "4"]
[TimeControl "180+1"]
[Date "2023.08.15"]
[WhiteClock "0:00:00"]
[BlackClock "0:00:33"]
[Board "17"]

1. e4 a6 2. d4 c6 3. c4 b5 4. Nf3 g6 5. Nc3 Bg7 6. Bg5 d6 7. Qd2 h6 8. Bh4 Nf6 9. Bd3 g5 10. Bg3 Nh5 11. a3 Nd7 12. O-O Rb8 13. Rfe1 bxc4 14. Bxc4 Nxg3 15. hxg3 c5 16. e5 Nb6 17. Ba2 O-O 18. dxc5 dxc5 19. Qe3 Qc7 20. e6 f5 21. Rad1 c4 22. Bb1 Bb7 23. Rd2 f4 24. gxf4 Rxf4 25. Ne4 Nd5 26. Rxd5 Bxd5 27. Nexg5 hxg5 28. Nxg5 Rh4 29. Be4 Qh2+ 30. Kf1 Rxb2 0-1


[Site "https://www.chess.com"]

[Event "Titled Tuesday Blitz August 15 Late 2023"]
[White "Martinez Alcantara, Jose Eduardo"]
[Black "Leiva, Gianmarco"]
[WhiteFideId "3805662"]
[BlackFideId "3804399"]
[WhiteElo "3014"]
[BlackElo "2711"]
[Result "1-0"]
[Round "4"]
[TimeControl "180+1"]
[Date "2023.08.15"]
[WhiteClock "0:00:17"]
[BlackClock "0:00:00"]
[Board "18"]

1. e4 c5 2. Nf3 d6 3. c3 Nf6 4. h3 Nc6 5. Bd3 e5 6. Bc2 g6 7. O-O Bg7 8. d4 cxd4 9. cxd4 exd4 10. Nxd4 O-O 11. Nxc6 bxc6 12. Nc3 d5 13. Bg5 h6 14. Be3 Nxe4 15. Nxe4 dxe4 16. Bxe4 Be6 17. b3 Bd5 18. Bxd5 Qxd5 19. Rc1 a5 20. Rc5 Qe6 21. Qc2 Rfc8 22. Rc1 a4 23. bxa4 Ra6 24. Rc4 h5 25. Qe4 Qd7 26. Qf3 Bb2 27. Rd1 Qe6 28. Qf4 Bg7 29. Rdc1 Bb2 30. R1c2 Bg7 31. h4 Bf8 32. g3 Qd5 33. Qe4 Qd1+ 34. Kg2 Qd7 35. Qf3 Rca8 36. Bd4 Qd5 37. Bf6 Qxf3+ 38. Kxf3 c5 39. Bg5 Rxa4 40. Rxa4 Rxa4 41. Be3 c4 42. Ke4 Be7 43. Kd5 Bf8 44. Kc6 Be7 45. Bd2 Bf8 46. Kb5 Ra3 47. Kxc4 Rf3 48. Be3 Kh7 49. a4 Bh6 50. Bxh6 Kxh6 51. Ra2 Rf6 52. a5 Rc6+ 53. Kb5 Rc8 54. a6 1-0


[Site "https://www.chess.com"]

[Event "Titled Tuesday Blitz August 15 Late 2023"]
[White "Bjelobrk, Igor"]
[Black "Indjic, Aleksandar"]
[WhiteFideId "4300726"]
[BlackFideId "911925"]
[WhiteElo "2670"]
[BlackElo "2997"]
[Result "1/2-1/2"]
[Round "4"]
[TimeControl "180+1"]
[Date "2023.08.15"]
[WhiteClock "0:00:11"]
[BlackClock "0:00:08"]
[Board "19"]

1. d4 Nf6 2. c4 e6 3. g3 c5 4. d5 d6 5. Nc3 exd5 6. cxd5 g6 7. Nf3 Bg7 8. Bg2 O-O 9. O-O Re8 10. Nd2 Nbd7 11. a4 b6 12. h3 a6 13. Nc4 Ne5 14. Nxe5 Rxe5 15. e4 Re8 16. Bg5 h6 17. Bf4 Rb8 18. Qd2 g5 19. Be3 b5 20. axb5 axb5 21. f3 b4 22. Nd1 Bd7 23. Nf2 Bb5 24. Rfe1 Nh5 25. Kh2 Qf6 26. Rab1 Qg6 27. Bf1 Be5 28. Nh1 Qf6 29. Bxb5 Rxb5 30. Qe2 Rbb8 31. Rf1 Bd4 32. Bxd4 Qxd4 33. Qf2 Qxf2+ 34. Nxf2 Nf6 35. b3 Ra8 36. Ra1 Ra3 37. Rxa3 bxa3 38. Ra1 Ra8 39. Ra2 Nd7 40. Nd1 c4 41. bxc4 Ne5 42. Ne3 Nxf3+ 43. Kg2 Nd4 44. Kf2 Kg7 45. Nf5+ Nxf5 46. exf5 Kf6 47. g4 Ra4 48. Ke3 Ke5 49. Kd3 Kf4 50. Kc3 Ra8 51. Kb4 Rb8+ 52. Kc3 Ra8 53. Kb4 Rb8+ 54. Kc3 Kg3 55. Rxa3 Kxh3 56. c5 dxc5 57. Kc4+ Kxg4 58. f6 h5 59. Ra7 Rf8 60. d6 h4 61. d7 h3 62. Kxc5 h2 63. Ra1 Kf5 64. Kd6 Kxf6 65. Rh1 Rh8 66. Kc7 g4 67. Rxh2 Ra8 68. d8=Q+ Rxd8 69. Kxd8 Kg5 70. Ke7 f5 71. Ke6 g3 72. Rh8 Kf4 73. Rf8 Kg4 74. Rxf5 g2 75. Rf8 Kg3 76. Rg8+ Kf2 77. Rxg2+ Kxg2 1/2-1/2


[Site "https://www.chess.com"]

[Event "Titled Tuesday Blitz August 15 Late 2023"]
[White "Rastbod, Ali"]
[Black "Paravyan, David"]
[WhiteFideId "12567477"]
[BlackFideId "4194985"]
[WhiteElo "2669"]
[BlackElo "2967"]
[Result "0-1"]
[Round "4"]
[TimeControl "180+1"]
[Date "2023.08.15"]
[WhiteClock "0:00:05"]
[BlackClock "0:00:06"]
[Board "20"]

1. c4 c5 2. g3 g6 3. Bg2 Bg7 4. Nc3 Nc6 5. a3 Nf6 6. Rb1 O-O 7. b4 cxb4 8. axb4 a5 9. b5 Nb4 10. Ba3 d5 11. cxd5 Bf5 12. e4 Nd3+ 13. Ke2 Ng4 14. Nh3 Nge5 15. exf5 Rc8 16. f4 Nc4 17. Kxd3 Nxa3 18. Ra1 Nc4 19. Ke2 Qd7 20. Nf2 gxf5 21. Re1 Nxd2 22. Qxd2 Bxc3 23. Qd3 Bxa1 24. Rxa1 Rc5 25. Rxa5 Rfc8 26. Ra2 Rxb5 27. Rd2 Rcc5 28. Nd1 Rc1 29. Ne3 Rbb1 30. Qxf5 Re1+ 31. Kf2 Qc7 32. Be4 Qc3 33. Qxh7+ Kf8 34. Rd3 Qb2+ 35. Kf3 Qe2# 0-1


[Site "https://www.chess.com"]

[Event "Titled Tuesday Blitz August 15 Late 2023"]
[White "Veiga, Jose Francisco R P Neves"]
[Black "Kazakouski, Valery"]
[WhiteFideId "1930087"]
[BlackFideId "13507443"]
[WhiteElo "2662"]
[BlackElo "2920"]
[Result "0-1"]
[Round "4"]
[TimeControl "180+1"]
[Date "2023.08.15"]
[WhiteClock "0:00:20"]
[BlackClock "0:00:40"]
[Board "21"]

1. c4 e6 2. Nf3 d5 3. d4 Nf6 4. g3 dxc4 5. Bg2 c6 6. O-O b5 7. a4 Bb7 8. b3 cxb3 9. Qxb3 a6 10. Nc3 Nbd7 11. Bf4 Be7 12. Rfc1 O-O 13. Ne5 Nxe5 14. Bxe5 Qb6 15. axb5 axb5 16. Na4 Qa6 17. Nc5 Qxa1 18. Rxa1 Rxa1+ 19. Bf1 Bc8 20. f3 Nd7 21. Nxd7 Bxd7 22. d5 Ra6 23. dxc6 Bxc6 24. Bd4 Rd8 25. Qb2 Bf8 26. Kg2 b4 27. e4 Raa8 28. Bc4 Rab8 29. h4 Bb5 30. Bb3 Rbc8 31. h5 h6 32. Kh2 Bc4 33. Ba4 Ra8 34. Bb3 Bxb3 35. Qxb3 Rxd4 0-1


[Site "https://www.chess.com"]

[Event "Titled Tuesday Blitz August 15 Late 2023"]
[White "Hansen, Torbjorn Ringdal"]
[Black "Moskalenko, Alexander"]
[WhiteFideId "1501720"]
[BlackFideId "4155351"]
[WhiteElo "2649"]
[BlackElo "2889"]
[Result "1/2-1/2"]
[Round "4"]
[TimeControl "180+1"]
[Date "2023.08.15"]
[WhiteClock "0:00:29"]
[BlackClock "0:01:06"]
[Board "22"]

1. e4 e5 2. Nf3 Nc6 3. Bb5 a6 4. Ba4 d6 5. c3 Bd7 6. d4 Nf6 7. O-O g6 8. d5 Ne7 9. Bxd7+ Qxd7 10. Qc2 Bg7 11. c4 O-O 12. Nc3 c6 13. Rd1 cxd5 14. cxd5 b5 15. a3 Rfc8 16. Qe2 Nh5 17. h3 Nf4 18. Bxf4 exf4 19. e5 dxe5 20. Nxe5 Qd6 21. Re1 Nxd5 22. Nxd5 Qxd5 23. Rad1 Qxe5 24. Qxe5 Bxe5 25. Rxe5 Rc2 26. Re7 Rxb2 27. Rdd7 Rf8 28. Ra7 f3 29. gxf3 Rb3 30. Rxa6 Rxf3 31. Kg2 Rf5 32. Rb6 Rd8 33. Re3 Rd2 34. Rf3 Rxf3 35. Kxf3 Rd3+ 36. Kg2 Rb3 37. Ra6 Kf8 38. a4 b4 39. Rb6 Ke7 40. a5 Ra3 41. Rxb4 Rxa5 42. Rb6 Ra3 43. f3 Kf8 44. h4 Kg7 45. Kg3 Kh6 46. Rb7 f6 47. Rf7 Ra6 48. Re7 Rd6 49. Rc7 Rd1 50. Rb7 f5 51. Rc7 Rd8 52. Rb7 Rh8 53. Ra7 Kh5 54. Rb7 h6 55. Rb5 Rd8 56. Rb4 Rd3 57. Ra4 g5 58. hxg5 hxg5 59. Kg2 Rd2+ 60. Kh3 Rd3 61. Kg2 f4 62. Rb4 Rd2+ 63. Kh3 Rf2 64. Rxf4 Rh2+ 65. Kxh2 gxf4 66. Kg2 Kh4 67. Kh2 Kg5 68. Kh3 Kh5 69. Kh2 Kg6 70. Kg2 Kh5 71. Kh3 Kg5 72. Kg2 Kh4 73. Kh2 Kh5 74. Kh1 Kg5 75. Kg1 Kh5 76. Kh1 Kh4 77. Kh2 1/2-1/2


[Site "https://www.chess.com"]

[Event "Titled Tuesday Blitz August 15 Late 2023"]
[White "Rasulov, Vugar"]
[Black "ArtemDyachuk"]
[WhiteFideId "13402390"]
[WhiteElo "2885"]
[BlackElo "2547"]
[Result "1-0"]
[Round "4"]
[TimeControl "180+1"]
[Date "2023.08.15"]
[WhiteClock "0:00:06"]
[BlackClock "0:00:00"]
[Board "23"]

1. c4 Nf6 2. Nc3 e5 3. Nf3 e4 4. Nd4 c6 5. d3 exd3 6. Qxd3 Be7 7. Nf5 O-O 8. Qg3 Nh5 9. Qf3 g6 10. g4 Ng7 11. Nxg7 Kxg7 12. h4 d6 13. h5 Kg8 14. Bh6 Re8 15. hxg6 fxg6 16. Qh3 Be6 17. e3 Nd7 18. Be2 Bf6 19. Bf4 Qe7 20. Rd1 Ne5 21. Ne4 Bh8 22. Bg5 Qc7 23. b3 Rf8 24. Rxd6 Rae8 25. c5 Bd5 26. f3 Qf7 27. Nf6+ Bxf6 28. Rxf6 Qg7 29. Rxf8+ Rxf8 30. O-O Nf7 31. Bf4 Re8 32. e4 Qd4+ 33. Rf2 Be6 34. Qg3 Qxc5 35. g5 a5 36. Kg2 b5 37. Rf1 a4 38. Rc1 Qa3 39. bxa4 Qxa2 40. Qf2 bxa4 41. Rxc6 Qb2 42. Bc4 Qxf2+ 43. Kxf2 Bxc4 44. Rxc4 Ra8 45. Rc2 a3 46. Ra2 Nd8 47. Bc1 Ne6 48. f4 Nc5 49. Kf3 Ra4 50. Rxa3 Rc4 51. Ra8+ Kf7 52. Ra7+ Kg8 53. Bb2 Nxe4 54. Rg7+ Kf8 55. Rxh7 Nd2+ 56. Kg4 Nf1 57. Be5 Ne3+ 58. Kf3 Nf5 59. Ra7 Kg8 60. Ra6 Kh7 61. Ra8 Ng7 62. Ra7 1-0


[Site "https://www.chess.com"]

[Event "Titled Tuesday Blitz August 15 Late 2023"]
[White "Kravtsiv, Martyn"]
[Black "Poltorak, Sebastian"]
[WhiteFideId "14113147"]
[BlackFideId "1199498"]
[WhiteElo "2830"]
[BlackElo "2533"]
[Result "1-0"]
[Round "4"]
[TimeControl "180+1"]
[Date "2023.08.15"]
[WhiteClock "0:01:50"]
[BlackClock "0:00:32"]
[Board "24"]

1. e4 c6 2. Nf3 d5 3. Nc3 dxe4 4. Nxe4 Nf6 5. Qe2 Nxe4 6. Qxe4 Nd7 7. Bc4 Nf6 8. Ne5 e6 9. Qe2 b5 10. Bb3 Qc7 11. a4 Bd6 12. d4 a6 13. O-O O-O 14. c4 bxc4 15. Bxc4 c5 16. Bg5 cxd4 17. Nf3 Bb7 18. Rac1 Bxf3 19. Qxf3 Bxh2+ 20. Kh1 Be5 21. Bxf6 Bxf6 22. Bd5 Qa7 23. Bxa8 Rxa8 24. Rc7 Qb8 25. Rfc1 Bd8 26. Qxf7+ 1-0


[Site "https://www.chess.com"]

[Event "Titled Tuesday Blitz August 15 Late 2023"]
[White "Pakleza, Zbigniew"]
[Black "RrainlessBobot"]
[WhiteFideId "1119290"]
[WhiteElo "2821"]
[BlackElo "2533"]
[Result "1-0"]
[Round "4"]
[TimeControl "180+1"]
[Date "2023.08.15"]
[WhiteClock "0:00:04"]
[BlackClock "0:00:01"]
[Board "25"]

1. d4 g6 2. Nf3 Bg7 3. Bf4 Nf6 4. e3 O-O 5. Be2 c5 6. c3 cxd4 7. cxd4 d6 8. Nc3 Nh5 9. Bg5 Nc6 10. O-O h6 11. Bh4 g5 12. Nd2 Nf4 13. exf4 gxh4 14. d5 Nd4 15. h3 Bf5 16. Nf3 Nxf3+ 17. Bxf3 Qb6 18. Qd2 Qd4 19. Qxd4 Bxd4 20. Rfe1 Bf6 21. Be4 Bd7 22. Rac1 Rfc8 23. Bf3 Rc4 24. Ne4 Rxc1 25. Nxf6+ exf6 26. Rxc1 Rc8 27. Rxc8+ Bxc8 28. Bg4 f5 29. Be2 Kg7 30. Kf1 Kf6 31. Ke1 Ke7 32. Kd2 Kd8 33. Ke3 Kc7 34. Bh5 f6 35. Kd4 b6 36. b4 Ba6 37. g3 Bf1 38. gxh4 Bxh3 39. Be2 Bg2 40. f3 Bh3 41. Ke3 a5 42. a3 axb4 43. axb4 h5 44. Kf2 Kb7 45. Kg3 Bg4 46. fxg4 fxg4 47. Bd3 1-0


[Site "https://www.chess.com"]

[Event "Titled Tuesday Blitz August 15 Late 2023"]
[White "Martin Barcelo, Carles"]
[Black "Haydon, David L"]
[WhiteFideId "24561444"]
[BlackFideId "415405"]
[WhiteElo "2524"]
[BlackElo "2757"]
[Result "1-0"]
[Round "4"]
[TimeControl "180+1"]
[Date "2023.08.15"]
[WhiteClock "0:00:05"]
[BlackClock "0:00:15"]
[Board "26"]

1. e4 Nf6 2. Nc3 d5 3. exd5 Nxd5 4. Bc4 Nb6 5. Bb3 Nc6 6. Nf3 e6 7. d4 Be7 8. O-O O-O 9. h3 Bf6 10. Be3 Nb4 11. a3 N4d5 12. Nxd5 exd5 13. Ne5 Re8 14. Bf4 Bf5 15. Qd2 c6 16. Rfe1 Nd7 17. Nxd7 Qxd7 18. c3 Re4 19. f3 Re6 20. Bc2 g6 21. Bxf5 Rxe1+ 22. Rxe1 Qxf5 23. Bg3 h5 24. Qe2 a5 25. a4 Kg7 26. Kh1 g5 27. Be5 Bxe5 28. Qxe5+ Qxe5 29. Rxe5 Kf6 30. Kg1 h4 31. Kf2 Ra6 32. Re2 b5 33. axb5 cxb5 34. Re5 Rd6 35. f4 gxf4 36. Kf3 Kg6 37. Kxf4 Rf6+ 38. Ke3 Re6 39. Rxe6+ fxe6 40. Kf4 b4 41. cxb4 axb4 42. g3 hxg3 43. Kxg3 Kf5 44. Kf3 Kg5 45. Kg3 Kf5 46. h4 e5 47. dxe5 Kxe5 48. Kf3 Kf5 49. Ke3 Kg4 50. Kd4 Kxh4 51. Kxd5 Kg4 52. Kc4 Kf5 53. Kxb4 Ke4 54. Kc5 Ke5 55. b4 Ke6 56. Kc6 Ke7 57. Kc7 1-0


[Site "https://www.chess.com"]

[Event "Titled Tuesday Blitz August 15 Late 2023"]
[White "Grischuk, Alexander"]
[Black "Fernandez Guillen, Ernesto J."]
[WhiteFideId "4126025"]
[BlackFideId "3512428"]
[WhiteElo "3034"]
[BlackElo "2743"]
[Result "1-0"]
[Round "4"]
[TimeControl "180+1"]
[Date "2023.08.15"]
[WhiteClock "0:00:03"]
[BlackClock "0:00:17"]
[Board "27"]

1. d4 Nf6 2. Nf3 g6 3. e3 Bg7 4. Be2 O-O 5. O-O d5 6. b4 a5 7. b5 c6 8. Na3 Nbd7 9. c4 Ne4 10. Bb2 Re8 11. Rc1 Nb6 12. Nd2 Nxd2 13. Qxd2 dxc4 14. bxc6 bxc6 15. Nxc4 Nxc4 16. Rxc4 e5 17. Rxc6 Bb7 18. Rc5 exd4 19. Bxd4 Bxd4 20. exd4 Qf6 21. d5 Rad8 22. Bf3 a4 23. h3 Kg7 24. Rb1 Ba8 25. Rd1 Re5 26. Ra5 Rf5 27. Qd4 Re5 28. Qxa4 Bb7 29. Qb4 Bc8 30. Ra3 h5 31. Qd2 Be6 32. Re3 Rg5 33. Qd4 Qxd4 34. Rxd4 Bxh3 35. a4 Bd7 36. a5 Ra8 37. Re7 Ra7 38. a6 Kf6 39. d6 Ra5 40. Rf4+ Rf5 41. Rxf5+ gxf5 42. Be2 f4 43. Bb5 Ra8 44. Rxd7 Rb8 45. Rb7 Rc8 46. a7 Rc1+ 47. Kh2 Ra1 48. d7 f3 49. d8=Q+ 1-0


[Site "https://www.chess.com"]

[Event "Titled Tuesday Blitz August 15 Late 2023"]
[White "Shimanov, Aleksandr"]
[Black "Radivojevic, Ivan"]
[WhiteFideId "4198603"]
[BlackFideId "928461"]
[WhiteElo "3032"]
[BlackElo "2523"]
[Result "1-0"]
[Round "4"]
[TimeControl "180+1"]
[Date "2023.08.15"]
[WhiteClock "0:01:55"]
[BlackClock "0:00:00"]
[Board "28"]

1. d4 Nf6 2. Bg5 d6 3. Nf3 Nbd7 4. Nbd2 e5 5. e4 Be7 6. c3 O-O 7. Bd3 Re8 8. O-O c6 9. a4 a5 10. Re1 Qc7 11. h3 Nf8 12. Qc2 Ng6 13. Rad1 Nh5 14. Be3 Nhf4 15. Bf1 h6 16. dxe5 dxe5 17. Nc4 Be6 18. Bb6 Qc8 19. Kh2 Kh7 20. Nxa5 c5 21. Nc4 Qc6 22. a5 Bxc4 23. Bxc4 Qf6 24. Ng1 h5 25. g3 Ne6 26. Qe2 h4 27. Qf3 Qg5 28. Qf5 Rf8 29. Nf3 Qh6 30. Nxe5 1-0


[Site "https://www.chess.com"]

[Event "Titled Tuesday Blitz August 15 Late 2023"]
[White "Kollars, Dmitrij"]
[Black "Vasques, Antonio Pedro Freixial"]
[WhiteFideId "12909572"]
[BlackFideId "1908332"]
[WhiteElo "3012"]
[BlackElo "2394"]
[Result "1-0"]
[Round "4"]
[TimeControl "180+1"]
[Date "2023.08.15"]
[WhiteClock "0:00:25"]
[BlackClock "0:00:26"]
[Board "29"]

1. e4 c5 2. Nf3 Nc6 3. Bb5 Nb8 4. c3 a6 5. Ba4 b5 6. Bc2 Bb7 7. d4 e6 8. O-O Nf6 9. Re1 Be7 10. d5 exd5 11. exd5 Bxd5 12. Bg5 Be6 13. Qd3 Nc6 14. Nbd2 c4 15. Qe2 O-O 16. Ne4 Nxe4 17. Qxe4 f5 18. Qf4 h6 19. Bxe7 Qxe7 20. h4 Qc5 21. h5 Rae8 22. Nh4 Ne7 23. Rad1 Nd5 24. Qf3 b4 25. Bxf5 Bxf5 26. Rxe8 Rxe8 27. Rxd5 Re1+ 28. Kh2 Qc7+ 29. Qg3 Qxg3+ 30. Kxg3 Be6 31. Rc5 bxc3 32. bxc3 Rc1 33. Ng6 Rxc3+ 34. Kf4 Rc2 35. Rc8+ Kf7 36. Rf8# 1-0


[Site "https://www.chess.com"]

[Event "Titled Tuesday Blitz August 15 Late 2023"]
[White "Grigoriants, Sergey"]
[Black "Paszewski, Mateusz"]
[WhiteFideId "4130804"]
[BlackFideId "1141058"]
[WhiteElo "2958"]
[BlackElo "2568"]
[Result "1-0"]
[Round "4"]
[TimeControl "180+1"]
[Date "2023.08.15"]
[WhiteClock "0:00:05"]
[BlackClock "0:00:05"]
[Board "30"]

1. d4 d5 2. c4 c6 3. Nf3 Nf6 4. Nc3 e6 5. e3 Nbd7 6. Qc2 Bd6 7. Bd3 O-O 8. O-O dxc4 9. Bxc4 b5 10. Be2 Bb7 11. Rd1 Qc7 12. e4 e5 13. g3 Rfe8 14. Bg5 exd4 15. Nxd4 a6 16. Rac1 b4 17. Nf5 Be5 18. Nd5 Nxd5 19. exd5 c5 20. Bf3 Qb6 21. Bg2 h6 22. Be7 Rac8 23. b3 g6 24. Nxh6+ Kg7 25. Bg5 Bd4 26. Ng4 f5 27. Ne3 Nf6 28. Nc4 Qd8 29. d6 Bxg2 30. Kxg2 Qd7 31. Bxf6+ Bxf6 32. Qd3 Rcd8 33. Qd5 Bd4 34. Re1 Qf7 35. Qc6 Bc3 36. Rxe8 Qxe8 37. Qb7+ Rd7 38. Qd5 Qe4+ 39. Qxe4 fxe4 40. Rd1 Kf6 41. f3 exf3+ 42. Kxf3 Ke6 43. Ke4 Bd4 44. Rf1 Rf7 45. Rxf7 Kxf7 46. Kd5 Ke8 47. Ke6 Kd8 48. d7 a5 49. Nxa5 c4 50. Nc6+ 1-0


[Site "https://www.chess.com"]

[Event "Titled Tuesday Blitz August 15 Late 2023"]
[White "Drygalov, Sergey"]
[Black "Loay, Sameer"]
[WhiteFideId "24171743"]
[BlackFideId "8104239"]
[WhiteElo "2957"]
[BlackElo "2565"]
[Result "1-0"]
[Round "4"]
[TimeControl "180+1"]
[Date "2023.08.15"]
[WhiteClock "0:00:18"]
[BlackClock "0:00:06"]
[Board "31"]

1. d4 Nf6 2. c4 g6 3. Nc3 Bg7 4. e4 O-O 5. Nf3 d6 6. Be2 Na6 7. O-O e5 8. Be3 Ng4 9. Bg5 Qe8 10. Re1 h6 11. Bh4 exd4 12. Nxd4 Ne5 13. Nd5 g5 14. Bg3 c6 15. Ne3 Nc5 16. f3 Be6 17. b4 Na6 18. a3 Rd8 19. Rc1 Ng6 20. Ndf5 Nf4 21. Nxd6 Qe7 22. c5 Be5 23. Qc2 Bxd6 24. cxd6 Rxd6 25. Bf1 Rfd8 26. Rcd1 Nc7 27. Rxd6 Rxd6 28. Qc5 b6 29. Qe5 f6 30. Qb2 Qd7 31. Qxf6 Qg7 32. Qxg7+ Kxg7 33. h4 Rd2 34. hxg5 hxg5 35. Rc1 Bd7 36. Nc4 Ra2 37. Ne5 Be8 38. Nxc6 Bxc6 39. Rxc6 Nce6 40. Bxf4 Nxf4 41. Rc7+ Kf6 42. Rxa7 Ke5 43. Rg7 Kd4 44. Rxg5 Ke3 45. Kh2 Rxa3 46. e5 Ra8 47. Kg3 Ne6 48. Rg6 Nd4 49. e6 Re8 50. Bc4 b5 51. Bd5 Nf5+ 52. Kg4 Ne7 53. Rg5 Kd4 54. Be4 Rf8 55. Rxb5 Ke3 56. Rg5 Rf4+ 57. Kg3 Rf6 58. b5 Rxe6 59. Kh2 Rb6 60. Kg1 Rd6 61. Re5 Rd1+ 62. Kh2 Kf2 63. Rxe7 Rd6 64. Rh7 Ra6 65. bxa6 1-0


[Site "https://www.chess.com"]

[Event "Titled Tuesday Blitz August 15 Late 2023"]
[White "Kramnik, Vladimir"]
[Black "Schekachikhin, Maksim"]
[WhiteFideId "4101588"]
[BlackFideId "24177830"]
[WhiteElo "2944"]
[BlackElo "2568"]
[Result "1-0"]
[Round "4"]
[TimeControl "180+1"]
[Date "2023.08.15"]
[WhiteClock "0:00:02"]
[BlackClock "0:00:02"]
[Board "32"]

1. e4 c5 2. Nf3 Nc6 3. c3 d5 4. exd5 Qxd5 5. Na3 Nf6 6. Be2 e6 7. d4 Qd8 8. Nc2 Be7 9. O-O O-O 10. dxc5 Bxc5 11. b4 Be7 12. a3 b6 13. Bb2 Bb7 14. c4 Rc8 15. Ne3 Qxd1 16. Rfxd1 Rfd8 17. Rxd8+ Rxd8 18. Rc1 Kf8 19. Kf1 a5 20. b5 Nb8 21. Ne5 Nfd7 22. Nd3 Nc5 23. Nxc5 Bxc5 24. Rd1 Rxd1+ 25. Nxd1 Nd7 26. f3 g5 27. Bd3 f5 28. Ke2 Ke7 29. g4 fxg4 30. fxg4 h6 31. a4 Bd6 32. h3 Nc5 33. Bc2 Kf7 34. Nf2 Bg2 35. Bd4 e5 36. Be3 Be7 37. Nd3 Bxh3 38. Nxc5 bxc5 39. Kf3 Bf1 40. b6 Bd6 41. Be4 Bxc4 42. b7 Bb8 43. Bxc5 Ke6 44. Bf8 Bd5 45. Bxh6 Bb3 46. Bxg5 Bxa4 47. Bd2 Bb3 48. Bxa5 Bd1+ 49. Kg3 Kf6 50. Kh4 Kg7 51. Bd2 Kf6 52. g5+ Kg7 53. g6 Kf6 54. Bg5+ Kg7 55. Be7 Bf3 56. Bxf3 1-0


[Site "https://www.chess.com"]